 Dungeon Crawl Stone Soup version 0.24-a0-441-g27f0392 (webtiles) character file.

Game seed: 2740999403576823204

14023 CanOfBees the Demolition Demonspawn (level 11, -4/89 HPs)
             Began as a Demonspawn Gladiator on June 21, 2019.
             Was an Elder of Makhleb.
             Slain by a red very ugly thing (21 damage)
             ... on level 1 of the Abyss.
             The game lasted 00:35:30 (16841 turns).

CanOfBees the Demolition Demonspawn (DsGl)         Turns: 16841, Time: 00:35:31

Health: -4/89      AC: 13    Str: 22    XL:     11   Next: 83%
Magic:  18/18      EV: 17    Int: 15    God:    Makhleb [****..]
Gold:   742        SH:  0    Dex: 20    Spells: 10/10 levels left

rFire    . . .     SeeInvis .   b - +7 great mace of Rotation {vamp, rN+ Int+2 Dex+4}
rCold    + . .     Gourm    .   (shield currently unavailable)
rNeg     + + .     Faith    .   D - +1 ring mail {rC+}
rPois    +         Spirit   .   c - +0 helmet
rElec    .         Reflect  .   e - +0 cloak
rCorr    .         Harm     .   K - +0 pair of gloves of Kafusask {+Inv rPois rN+ Str+2} (curse)
MR       .....                  (no boots)
Stlth    +.........             (no amulet)
HPRegen  0.24/turn              B - +4 ring of intelligence
MPRegen  0.16/turn              O - +3 ring of strength

@: no status effects
A: molten scales 2, demonic guardian 1, powered by death 2
a: Minor Destruction, Lesser Servant of Makhleb, Major Destruction, Renounce
Religion, Evoke Invisibility


You were on level 1 of the Abyss.
You worshipped Makhleb.
Makhleb was greatly pleased with you.
You were not hungry.

You visited 3 branches of the dungeon, and saw 12 of its levels.
You visited the Abyss 1 time.
You also visited: Bailey.

You collected 742 gold pieces.

Inventory:

Hand Weapons
 a - a +0 morningstar
 b - the +7 great mace of Rotation (weapon) {vamp, rN+ Int+2 Dex+4}
   (You acquired it in a bailey)

   It inflicts no extra harm, but heals its wielder when it wounds a living foe.
   It affects your intelligence (+2).
   It affects your dexterity (+4).
   It protects you from negative energy.
 w - a +0 whip of flaming
Missiles
 d - 3 throwing nets
 h - 6 curare-tipped darts
 u - 18 poisoned darts
 G - 13 boomerangs (quivered)
 S - 6 javelins
Armour
 c - a +0 helmet (worn)
 e - a +0 cloak (worn)
 D - a +1 ring mail of cold resistance (worn)
 H - a +0 shield of protection
 K - the cursed +0 pair of gloves of Kafusask (worn) {+Inv rPois rN+ Str+2}
   (You found it on level 7 of the Dungeon)

   It affects your strength (+2).
   It protects you from poison.
   It protects you from negative energy.
   It lets you turn invisible.
   It has a curse placed upon it.
Jewellery
 B - a +4 ring of intelligence (left hand)
 O - a +3 ring of strength (right hand)
 X - an uncursed ring of positive energy
Wands
 j - a wand of flame (14)
 C - a wand of random effects (8)
 V - a wand of digging (6)
Scrolls
 i - a scroll of identify
 m - a scroll of noise
 r - a scroll of remove curse
 v - 4 scrolls of enchant armour
 z - 2 scrolls of enchant weapon
 I - a scroll of amnesia {unknown}
 T - 6 scrolls of fog
 Y - 2 scrolls of blinking {unknown}
Potions
 g - 2 potions of might
 k - 3 potions of heal wounds
 p - 3 potions of brilliance
 s - a potion of invisibility {unknown}
 A - 3 potions of haste
 E - a potion of curing
 L - a potion of berserk rage
 M - 3 potions of lignification
 U - 2 potions of ambrosia
Comestibles
 f - 30 rations


   Skills:
 + Level 9.2 Fighting
 + Level 8.7 Maces & Flails
 - Level 8.0 Throwing
 - Level 4.0 Armour
 + Level 7.8 Dodging
 + Level 10.2 Invocations


You had 10 spell levels left.
You didn't know any spells.
Your spell library contained the following spells:

 Spells                   Type           Power        Failure   Level  Hunger
 Corona                   Hex            #......      38%         1    ##.....
 Magic Dart               Conj           #...         38%         1    ##.....
 Ensorcelled Hibernation  Hex/Ice        #.....       54%         2    ###....
 Searing Ray              Conj           #.....       54%         2    ###....
 Confuse                  Hex            #.......     77%         3    ####...
 Dazzling Spray           Conj/Hex       #.....       77%         3    ####...
 Tukima's Dance           Hex            #.......     77%         3    ####...
 Force Lance              Conj/Tloc      #.......     99%         4    #####..
 Fulminant Prism          Conj/Hex       #.........   99%         4    #####..
 Iskenderun's Mystic Bla  Conj           #.......     99%         4    #####..


Dungeon Overview and Level Annotations

Branches:
Dungeon (10/15)            Temple (1/1) D:5            Lair (1/6) D:10
    Orc: D:9-12

Altars:
Ashenzari
Cheibriados
Dithmenos
Elyvilon
Fedhas
Gozag
Hepliaklqana
Kikubaaqudgha
Makhleb
Nemelex Xobeh
Okawaru
Qazlal
Ru
Sif Muna
Trog
Uskayaw
Vehumet
Wu Jian
Xom
Yredelemnul
Zin
The Shining One

Shops:
D:7 =   D:9 [*[(

Annotations:
D:3 1 runed translucent door, r3xj's ghost, amateur BaFi
Lair:1 Sonja


Innate Abilities, Weirdness & Mutations

You are mostly covered in molten scales. (AC +3)
A weak demonic guardian rushes to your aid.
You regenerate health from kills.


Message History

The bone dragon tramples you but does no damage.
Found a scroll of identify.
You are covered in liquid flames!
* * * LOW HITPOINT WARNING * * *
Okay, then.
The bone dragon closely misses your ufetubus.
The bone dragon misses your ufetubus. The bone dragon tramples your ufetubus!
Your ufetubus stumbles backwards!
Your ufetubus dies!
The purple very ugly thing basks in the mutagenic energy from its kin and changes!
The white very ugly thing basks in the mutagenic energy from its kin and changes!
You see here a scroll of identify.
i - a scroll of identify
Found a scroll labeled QATENU BEKE.
A frost giant skeleton comes into view.
The frost giant skeleton misses you.
The frost giant skeleton hits you but does no damage.
Found 19 stones.
The red very ugly thing headbutts you!!
You die...

.## #.#..### #.. ..
....##.#.# ##?.##
#..#... . ...#.#
.#uu.#.# ♣## #
##u..# ##. # ..
####..D.##....# #.#.
#.#.#.## ...##
♣.(####.#Zu# ...#..#
♣..@#...D#.....#.#.#
♣#.#uu##...#......#.
♣.#........#..##..#.
♣..#.....#..#.# ..
♣..#....###..## . ♣#
.###... ...# .#
........# .
........# ##..


You could see 2 very ugly things.

Vanquished Creatures
  Erica (Lair:1)
  A two-headed ogre (D:8)
  An orc high priest (Bailey)
  Pikel (D:8)
  A centaur skeleton (D:10)
  A kobold demonologist (Bailey)
  A komodo dragon (Lair:1)
  A troll (D:9)
  A hornet (D:10)
  4 hippogriffs
  A slime creature (D:7)
  9 yaks
  A hungry ghost (D:8)
  2 steam dragons (D:5)
  2 wargs (D:10)
  A large abomination (Abyss:1)
  A hornet zombie (D:7)
  12 orc warriors
  2 sky beasts
  A necrophage (D:8)
  An ice beast (D:9)
  3 phantoms
  6 ogres
  6 centaurs
  2 crocodiles
  Blork the orc (D:6)
  A big kobold (D:9)
  A gnoll sergeant (D:7)
  3 bullfrogs
  3 scorpions
  7 killer bees
  5 howler monkeys
  2 electric eels (Bailey)
  2 centaur zombies
  2 crimson imps
  A bullfrog zombie (D:10)
  2 bullfrog skeletons (D:5)
  8 jellies (D:7)
  6 orc priests
  4 hounds
  11 orc wizards
  Ijyb (D:4)
  2 iguanas (D:4)
  7 worker ants
  A hound zombie (D:9)
  2 hound skeletons
  3 worker ant zombies
  2 howler monkey zombies
  A howler monkey skeleton (D:10)
  16 gnolls
  13 adders
  2 shadow imps
  10 oozes (D:7)
  2 adder skeletons
  2 adder zombies (D:5)
  5 worms
  3 dart slugs (D:1)
  4 leopard geckos
  40 orcs
  A ball python (D:4)
  7 giant cockroaches
  18 goblins
  13 hobgoblins
  11 jackals
  5 quokkas
  10 bats
  4 frilled lizards
  A jackal skeleton (D:4)
  6 kobolds
  3 quokka skeletons
  12 rats
329 creatures vanquished.

Vanquished Creatures (collateral kills)
  Harold (D:7)
  An orc knight (Bailey)
  An ugly thing (Abyss:1)
  3 hippogriffs
  A water moccasin (D:7)
  Duvessa (D:4)
  2 orc warriors
  2 phantoms
  Dowan (D:4)
  2 gnolls
  An adder (D:7)
  A leopard gecko (D:4)
  3 orcs
  2 hobgoblins (Bailey)
22 creatures vanquished.

Vanquished Creatures (others)
  3 slaves (D:9)
  An adder zombie (D:9)
  2 kobolds (D:9)
  9 fungi (D:7)
15 creatures vanquished.

Grand Total: 366 creatures vanquished

Notes
Turn   | Place    | Note
-------+----------+-------------------------------------------
     0 | D:1      | CanOfBees the Demonspawn Gladiator began the quest for the
                  | Orb.
     0 | D:1      | Reached XP level 1. HP: 16/16 MP: 1/1
   126 | D:1      | Gained mutation: You are partially covered in molten
                  | scales. (AC +2) [demonic ancestry]
   126 | D:1      | Reached XP level 2. HP: 22/22 MP: 2/2
   522 | D:1      | Gained mutation: A weak demonic guardian rushes to your
                  | aid. [demonic ancestry]
   522 | D:1      | Reached XP level 3. HP: 28/28 MP: 3/3
  1253 | D:2      | Found an iron altar of Okawaru.
  1457 | D:2      | Gained mutation: You regenerate a little health from kills.
                  | [demonic ancestry]
  1457 | D:2      | Reached XP level 4. HP: 34/34 MP: 4/4
  1468 | D:2      | Found a shimmering altar of Xom.
  1759 | D:3      | Found a runed translucent door.
  1941 | D:3      | Noticed r3xj's ghost (amateur BaFi)
  2715 | D:3      | Found a glowing golden altar of the Shining One.
  2936 | D:3      | Reached XP level 5. HP: 41/41 MP: 5/5
  3182 | D:4      | Found a white marble altar of Elyvilon.
  3182 | D:4      | Found a shadowy altar of Dithmenos.
  3372 | D:4      | Reached skill level 1 in Armour
  3718 | D:4      | Noticed an ogre
  3718 | D:4      | Noticed a phantom
  3731 | D:4      | Killed an ogre
  3731 | D:4      | Reached XP level 6. HP: 37/47 MP: 6/6
  3751 | D:4      | Found a glowing silver altar of Zin.
  3758 | D:4      | Noticed Duvessa
  3760 | D:4      | Noticed Dowan
  3767 | D:4      | Killed Duvessa
  3772 | D:4      | Killed Dowan
  3823 | D:4      | Noticed Ijyb
  3833 | D:4      | Killed Ijyb
  3833 | D:4      | Gained mutation: You regenerate health from kills. [demonic
                  | ancestry]
  3833 | D:4      | Reached XP level 7. HP: 20/53 MP: 7/7
  4361 | D:5      | Entered Level 5 of the Dungeon
  4539 | D:5      | Found a sparkling altar of Nemelex Xobeh.
  4593 | D:5      | Found a staircase to the Ecumenical Temple.
  4613 | Temple   | Entered the Ecumenical Temple
  4833 | Temple   | Became a worshipper of Makhleb the Destroyer
  4875 | D:5      | Reached skill level 1 in Invocations
  4919 | D:5      | Noticed a steam dragon
  4928 | D:5      | Noticed a steam dragon
  4939 | D:5      | Killed a steam dragon
  4945 | D:5      | Killed a steam dragon
  4945 | D:5      | Reached skill level 5 in Maces & Flails
  4945 | D:5      | Reached skill level 2 in Invocations
  4945 | D:5      | Reached XP level 8. HP: 42/61 MP: 7/9
  5148 | D:5      | Reached skill level 5 in Fighting
  5288 | D:5      | Reached skill level 3 in Invocations
  5964 | D:5      | Found a stormy altar of Qazlal.
  6936 | D:6      | Reached skill level 4 in Invocations
  7613 | D:6      | Gained mutation: You are mostly covered in molten scales.
                  | (AC +3) [demonic ancestry]
  7613 | D:6      | Reached XP level 9. HP: 63/69 MP: 12/12
  7635 | D:6      | Noticed Blork the orc
  7650 | D:6      | Killed Blork the orc
  7650 | D:6      | Reached skill level 5 in Invocations
  7963 | D:7      | Noticed Harold
  8206 | D:7      | Reached * piety under Makhleb
  8580 | D:6      | Reached skill level 5 in Dodging
  8910 | D:7      | Reached skill level 5 in Throwing
  9000 | D:7      | Reached skill level 6 in Invocations
 10203 | D:7      | Reached ** piety under Makhleb
 10300 | D:7      | Killed Harold
 10300 | D:7      | Reached skill level 7 in Invocations
 10300 | D:7      | Reached XP level 10. HP: 45/79 MP: 15/15
 10459 | D:7      | Found a hide-covered altar of Uskayaw.
 10501 | D:7      | Got a pair of heavily runed gloves
 10502 | D:7      | Identified the cursed +0 pair of gloves of Kafusask {+Inv
                  | rPois rN+ Str+2} (You found it on level 7 of the Dungeon)
 10827 | D:7      | Found Henoatel's Jewellery Shoppe.
 11116 | D:8      | Noticed a two-headed ogre
 11124 | D:8      | Killed a two-headed ogre
 11495 | D:8      | Found a flagged portal.
 11507 | Bailey   | Entered a bailey
 11700 | Bailey   | Found an iron altar of Okawaru.
 11700 | Bailey   | Noticed an orc high priest
 11715 | Bailey   | Reached skill level 8 in Invocations
 11728 | Bailey   | Killed an orc high priest
 11881 | Bailey   | Reached *** piety under Makhleb
 12201 | Bailey   | Identified the cursed +3 spear "Killer Klown's Death"
                  | {freeze, Str+6}
 12359 | Bailey   | Noticed an orc knight
 12372 | Bailey   | Killed an orc knight
 12512 | Bailey   | Got a steaming quick blade
 12517 | Bailey   | Got an ancient great mace
 13328 | D:8      | Reached XP level 11. HP: 86/86 MP: 17/17
 13829 | D:9      | Found Vaur's Assorted Antiques.
 13907 | D:9      | Noticed Pikel
 13926 | D:8      | Killed Pikel
 13926 | D:8      | Reached skill level 9 in Invocations
 13940 | D:9      | Found Felisijes's Armour Shop.
 14005 | D:9      | Reached **** piety under Makhleb
 14029 | D:9      | Identified the +7 great mace of Rotation {vamp, rN+ Int+2
                  | Dex+4} (You acquired it in a bailey)
 14090 | D:9      | Found Hobupewy's Antique Armour Shop.
 14177 | D:9      | Found an ancient bone altar of Kikubaaqudgha.
 14695 | D:9      | Found Daefigh's Antique Weapon Shoppe.
 15156 | D:9      | Identified the +0 quick blade of Infection {freeze, Dex+4}
                  | (You acquired it in a bailey)
 15198 | D:10     | Entered Level 10 of the Dungeon
 15545 | D:10     | Paralysed by a hornet for 3 turns
 15550 | D:10     | Paralysed by a hornet for 3 turns
 16031 | D:10     | Found a staircase to the Lair.
 16047 | D:10     | Reached skill level 10 in Invocations
 16310 | Lair:1   | Entered Level 1 of the Lair of Beasts
 16335 | Lair:1   | Noticed Erica
 16341 | Lair:1   | Killed Erica
 16615 | Lair:1   | Noticed Sonja
 16620 | Lair:1   | Cast into level 1 of the Abyss (Sonja)
 16774 | Abyss:1  | Noticed a wretched star
 16777 | Abyss:1  | Found a corrupted altar of Lugonu.
 16793 | Abyss:1  | Noticed a purple ugly thing
 16794 | Abyss:1  | Noticed a purple very ugly thing
 16795 | Abyss:1  | Noticed a purple very ugly thing
 16796 | Abyss:1  | Noticed a purple very ugly thing
 16798 | Abyss:1  | Noticed a bone dragon
 16801 | Abyss:1  | Noticed a purple ugly thing
 16811 | Abyss:1  | Noticed a red very ugly thing
 16813 | Abyss:1  | Killed a purple ugly thing
 16841 | Abyss:1  | Slain by a red very ugly thing

Levels and vault maps discovered:
D:1:      eino_arrival_water_cross, layout_basic
D:2:      layout_basic, lemuel_round_altar, lemuel_coloured_pillars_altar
D:3:      minmay_chambers_of_twos, layout_loops_corners, tso_oasis_becter,
          ebering_ghost_reflecting_pool, serial_bayou_pond_d
D:4:      layout_rooms, lemuel_crystal_altar, grunt_temple_overflow_open,
          uniq_duvessa, uniq_ijyb
D:5:      kennysheep_steamy, layout_layer_cave, kennysheep_mini_moat,
          minmay_temple_entry_overgrown, basic_altar, first_ration
D:6:      layout_loops_corners, nicolae_wand_duel, uniq_blork_the_orc
D:7:      lemuel_slime, layout_rooms, eat_drink_and_be_merry_uskayaw,
          serial_shops, shop, st_stairs_11, uniq_harold
D:8:      layout_loops_ring, enter_bailey_7, grunt_pizzeria
D:9:      layout_layer_cave, kennysheep_mini, serial_shops, nicolae_shop_trees,
          shop, shop, shop, minmay_misc_feat_room, uniq_pikel
D:10:     layout_basic, erik_lair_orcish_takeover
Temple:   oiseaux_autumnal_temple
Lair:1:   layout_hall_layers, uniq_sonja, uniq_nergalle, uniq_erica
Abyss:1:  evilmike_abyss_exit_13

Skill      XL: |  1  2  3  4  5  6  7  8  9 10 11 |
---------------+----------------------------------+-----
Throwing       | 2 3 4 5 6 8 |  8.0
Maces & Flails | 3 4 5 6 7 8 |  8.7
Dodging        | 3 4 5 6 7 |  7.8
Fighting       | 3 4 5 7 8 9 |  9.2
Armour         | 1 2 3 4 |  4.0
Invocations    | 2 4 7 8 10 | 10.2

Action                   |  1- 3 |  4- 6 |  7- 9 | 10-12 || total
-------------------------+-------+-------+-------+-------++-------
Melee: Flail             |   139 |   151 |   178 |       ||   468
       Morningstar       |       |       |   215 |   403 ||   618
       Dagger            |       |       |    10 |       ||    10
       Great mace        |       |       |       |   122 ||   122
 Fire: Shortbow          |       |       |     8 |       ||     8
Throw: Stone             |     4 |    10 |    13 |     9 ||    36
       Throwing net      |       |     1 |     3 |     1 ||     5
       Dart              |       |       |    16 |     4 ||    20
       Boomerang         |       |       |     5 |    14 ||    19
Invok: Minor Destruction |       |       |     1 |     8 ||     9
       Lesser Servant of |       |       |       |     5 ||     5
Evoke: Wand              |       |     2 |    21 |    27 ||    50
  Use: Scroll            |     3 |     2 |     5 |    15 ||    25
       Potion            |       |     4 |       |     2 ||     6
 Stab: Held in net/web   |       |     1 |       |       ||     1
       Distracted        |       |       |       |     3 ||     3
       Paralysed         |       |       |       |     2 ||     2
  Eat: Chunk             |     2 |     7 |    21 |    23 ||    53
Armor: Leather armour    |    53 |       |       |       ||    53
       Ring mail         |    11 |    73 |   192 |   240 ||   516
Dodge: Dodged            |   122 |   103 |   253 |   531 ||  1009
Block: Shield            |       |       |       |    54 ||    54

Table legend:
 A = Non-vault XP
 B = Vault XP
 C = Vault XP percentage of total XP
 D = Non-vault monster count
 E = Vault monster count
 F = Vault count percentage of total count
                 A         B        C        D         E       F
            +---------+---------+-------+---------+---------+-------
      Total |   12831 |    7203 |  36.0 |     261 |      90 |  25.6
            +---------+---------+-------+---------+---------+-------
        D:1 |      59 |       0 |   0.0 |      32 |       0 |   0.0
        D:2 |      41 |       0 |   0.0 |      15 |       0 |   0.0
        D:3 |     106 |      23 |  17.8 |      24 |       7 |  22.6
        D:4 |     489 |     182 |  27.1 |      14 |       3 |  17.6
        D:5 |     621 |     360 |  36.7 |      19 |       2 |   9.5
        D:6 |    1564 |     103 |   6.2 |      33 |       1 |   2.9
        D:7 |    1296 |    1654 |  56.1 |      33 |      21 |  38.9
        D:8 |    2214 |     717 |  24.5 |      30 |       6 |  16.7
        D:9 |    2577 |       0 |   0.0 |      30 |       0 |   0.0
       D:10 |    2621 |     583 |  18.2 |      25 |       8 |  24.2
     Lair:1 |     717 |     862 |  54.6 |       4 |       1 |  20.0
    Abyss:1 |     526 |       0 |   0.0 |       2 |       0 |   0.0
     Bailey |       0 |    2719 | 100.0 |       0 |      41 | 100.0
            +---------+---------+-------+---------+---------+-------
